 Dungeon Crawl Stone Soup version 0.24.0-2-g5b39cebb1c (console) character file.

Game seed: 17963961076300467807, levelgen mode: deterministic

1082 Kagalorn the Skirmisher (level 8, -3/67 HPs)
             Began as a Gnoll Wanderer on Oct 29, 2019.
             Slain by an iguana (7 damage)
             ... on level 5 of the Dungeon.
             The game lasted 00:18:00 (4664 turns).

Kagalorn the Skirmisher (Gnoll Wanderer)            Turns: 4664, Time: 00:18:00

Health: -3/67      AC:  7    Str: 16    XL:     8   Next: 30%
Magic:  12/12      EV: 14    Int: 14    God:
Gold:   320        SH:  0    Dex: 16    Spells: 13/13 levels left

rFire    + . .     SeeInvis .   a - +1 halberd (freeze)
rCold    . . .     Gourm    .   (shield currently unavailable)
rNeg     . . .     Faith    .   I - +2 robe {rF+}
rPois    .         Spirit   .   y - +2 hat
rElec    .         Reflect  .   (no cloak)
rCorr    .         Harm     .   (no gloves)
MR       .....                  H - +0 pair of boots
Stlth    ++++......             (no amulet)
HPRegen  0.21/turn              (no ring)
MPRegen  0.13/turn              (no ring)

@: no status effects
A: distributed training, fangs 1, strong nose
a: no special abilities


You were on level 5 of the Dungeon.
You were hungry.

You visited 1 branch of the dungeon, and saw 5 of its levels.
You also visited: Sewer.

You collected 320 gold pieces.

Inventory:

Hand Weapons
 a - a +1 halberd of freezing (weapon)
 C - a +0 shortbow
 F - a +0 battleaxe
Missiles
 i - 101 arrows
 k - 121 stones (quivered)
 l - 58 bolts
Armour
 f - a +0 chain mail
 y - a +2 hat (worn)
 H - a +0 pair of boots (worn)
 I - a +2 robe of fire resistance (worn)
Jewellery
 h - a +2 ring of dexterity {unknown}
 o - an uncursed amulet of faith {unknown}
 z - an uncursed ring of protection from cold {unknown}
 A - an uncursed amulet of rage {unknown}
Wands
 q - a wand of paralysis (14)
Scrolls
 b - a scroll of immolation {unknown}
 c - 4 scrolls of fear
 e - 2 scrolls of enchant weapon {unknown}
 n - a scroll of magic mapping {unknown}
 s - 2 scrolls of fog {unknown}
 t - 3 scrolls of teleportation {unknown}
 u - 2 scrolls of remove curse {unknown}
 v - a scroll of noise {unknown}
 D - a scroll of blinking {unknown}
 E - a scroll of enchant armour {unknown}
Potions
 d - a potion of lignification
 j - 2 potions of degeneration
 p - a potion of cancellation
 r - a potion of curing
 w - 2 potions of brilliance
 x - a potion of agility
 B - a potion of magic
 G - a potion of haste
Comestibles
 g - 15 rations


   Skills:
 + Level 7.3 Fighting
 + Level 3.1 Short Blades
 + Level 3.1 Long Blades
 + Level 3.1 Axes
 + Level 3.1 Maces & Flails
 + Level 3.1 Polearms
 + Level 3.1 Staves
 + Level 3.1 Slings
 + Level 3.1 Bows
 + Level 3.1 Crossbows
 + Level 3.1 Throwing
 + Level 3.1 Armour
 + Level 4.0 Dodging
 + Level 6.8 Stealth
 + Level 4.0 Shields
 + Level 5.5 Unarmed Combat
 + Level 3.1 Spellcasting
 + Level 2.5 Conjurations
 + Level 2.5 Hexes
 + Level 2.5 Charms
 + Level 2.5 Summonings
 + Level 2.5 Necromancy
 + Level 2.5 Translocations
 + Level 2.5 Transmutations
 + Level 2.5 Fire Magic
 + Level 2.5 Ice Magic
 + Level 2.5 Air Magic
 + Level 2.5 Earth Magic
 + Level 2.5 Poison Magic
 + Level 3.4 Invocations
 + Level 3.1 Evocations


You had 13 spell levels left.
You didn't know any spells.
Your spell library contained the following spells:

 Spells                   Type           Power        Failure   Level  Hunger
 Pain                     Necr           #...         8%          1    #......


Dungeon Overview and Level Annotations

Branches:
Dungeon (5/15)              Sewer (visited)
 Temple: D:4-7

Altars:
Ashenzari
Kikubaaqudgha
Makhleb
Nemelex Xobeh
Qazlal
Ru
Sif Muna
Vehumet


Innate Abilities, Weirdness & Mutations

Your experience applies equally to all skills.
You have very sharp teeth.
Your uncanny sense of smell can sniff out nearby items.


Message History

You hit the centaur but do no damage.
The centaur is almost dead.
The centaur misses you.
The iguana bites you but does no damage.
The iguana bites you.
* * * LOW HITPOINT WARNING * * *
The centaur barely misses you.
You hit the centaur but do no damage. Your bite misses the centaur.
The centaur is almost dead.
The centaur hits you.
* * * LOW HITPOINT WARNING * * *
The iguana barely misses you. The centaur barely misses you.
You barely miss the centaur.
The centaur is almost dead.
The centaur barely misses you. The iguana completely misses you.
The centaur hits you but does no damage.
You hit the centaur. You freeze the centaur.
You kill the centaur!
The iguana barely misses you. The iguana bites you!
You die...

.######## ###### ##.
...........###..... ..
.............'.....
..#..#######.###..... ....
.#..#######.######## ....
................... .. #..##.
#..######..######## # #. #..##.
#).# #..# # #.#.
#...#..#.@######..# #
##.#.###...#..#.l((......# #
........<.........#####.#########
##.#..##.<.......................
.....................##.#########
...........................# #
##.#............#.##.##.##.# #
#.#...###.#..###.##.##.# # #
##.#...###.#..# #.##..... #


You could see an iguana.

Vanquished Creatures
  An ogre (D:5)
  A phantom (D:4)
  3 centaurs (D:5)
  Blork the orc (D:4)
  A bullfrog (Sewer)
  2 crimson imps (D:5)
  2 hounds (D:5)
  A centaur skeleton (D:4)
  2 orc wizards (D:3)
  4 worker ants
  A hound zombie (D:5)
  5 adders
  4 gnolls (D:4)
  A shadow imp (D:5)
  3 oozes
  An adder skeleton (D:4)
  2 worms
  2 dart slugs (D:1)
  7 leopard geckos
  4 orcs (D:3)
  8 giant cockroaches
  5 goblins
  7 hobgoblins
  12 jackals
  4 quokkas
  3 ball pythons
  13 bats
  26 frilled lizards
  5 kobolds
  A quokka skeleton (D:4)
  6 rats
138 creatures vanquished.

Notes
Turn   | Place    | Note
-------+----------+-------------------------------------------
     0 | D:1      | Kagalorn the Gnoll Wanderer began the quest for the Orb.
     0 | D:1      | Kagalorn set off with the following items: a +0 spear, a
                  | scroll of fear, a potion of berserk rage, a potion of
                  | lignification, a +0 robe, a +0 dagger, a ration
     0 | D:1      | Reached XP level 1. HP: 23/23 MP: 1/1
    75 | D:1      | Reached XP level 2. HP: 23/29 MP: 2/2
   252 | D:1      | Reached XP level 3. HP: 32/35 MP: 3/3
   764 | D:2      | Reached skill level 1 in Invocations
  1004 | D:2      | Reached skill level 1 in Short Blades
  1004 | D:2      | Reached skill level 1 in Long Blades
  1004 | D:2      | Reached skill level 1 in Axes
  1004 | D:2      | Reached skill level 1 in Maces & Flails
  1004 | D:2      | Reached skill level 1 in Polearms
  1004 | D:2      | Reached skill level 1 in Staves
  1004 | D:2      | Reached skill level 1 in Slings
  1004 | D:2      | Reached skill level 1 in Bows
  1004 | D:2      | Reached skill level 1 in Crossbows
  1004 | D:2      | Reached skill level 1 in Throwing
  1004 | D:2      | Reached skill level 1 in Armour
  1004 | D:2      | Reached skill level 1 in Spellcasting
  1004 | D:2      | Reached skill level 1 in Evocations
  1020 | D:2      | Reached XP level 4. HP: 29/41 MP: 5/5
  1057 | D:2      | Found an ancient bone altar of Kikubaaqudgha.
  1057 | D:2      | Found a shimmering blue altar of Sif Muna.
  1059 | D:2      | Found a radiant altar of Vehumet.
  1062 | D:2      | Identified Kikubaaqudgha's Papyrus of Stolen Souls
  1193 | D:2      | Found a stormy altar of Qazlal.
  1328 | D:2      | Reached skill level 1 in Conjurations
  1328 | D:2      | Reached skill level 1 in Hexes
  1328 | D:2      | Reached skill level 1 in Charms
  1328 | D:2      | Reached skill level 1 in Summonings
  1328 | D:2      | Reached skill level 1 in Necromancy
  1328 | D:2      | Reached skill level 1 in Translocations
  1328 | D:2      | Reached skill level 1 in Transmutations
  1328 | D:2      | Reached skill level 1 in Fire Magic
  1328 | D:2      | Reached skill level 1 in Ice Magic
  1328 | D:2      | Reached skill level 1 in Air Magic
  1328 | D:2      | Reached skill level 1 in Earth Magic
  1328 | D:2      | Reached skill level 1 in Poison Magic
  1420 | D:2      | Found a sacrificial altar of Ru.
  1446 | D:2      | Found a sparkling altar of Nemelex Xobeh.
  1595 | D:3      | Found a burning altar of Makhleb.
  1617 | D:3      | Reached XP level 5. HP: 32/47 MP: 5/7
  1820 | D:3      | Found a sacrificial altar of Ru.
  1871 | D:3      | Found a glowing drain.
  1894 | Sewer    | Entered a sewer
  2258 | Sewer    | Reached XP level 6. HP: 53/53 MP: 8/8
  2865 | D:4      | Found a shattered altar of Ashenzari.
  2886 | D:4      | Reached skill level 5 in Unarmed Combat
  3188 | D:4      | Noticed Blork the orc
  3194 | D:4      | Killed Blork the orc
  3279 | D:4      | Reached XP level 7. HP: 43/59 MP: 10/10
  3400 | D:4      | Reached skill level 7 in Fighting
  3836 | D:5      | Entered Level 5 of the Dungeon
  4016 | D:5      | Reached XP level 8. HP: 8/67 MP: 12/12
  4662 | D:5      | HP: 3/67 [centaur (1)]
  4664 | D:5      | Slain by an iguana

Levels and vault maps discovered:
D:1:      psy_arrival_basics, layout_basic
D:2:      layout_basic, grunt_temple_overflow_magic_moments,
          nemelex_altar_shiori, old_standard_altar, first_ration,
          nicolae_ru_the_path_less_chosen
D:3:      layout_basic, lemuel_doored_altar, lemuel_coloured_pillars_altar,
          cheibrodos_sewer_entry_sluice
D:4:      layout_loops_cross, ashenzari_conservatory_becter,
          corexii_hall_statues_x, chequers_garden, st_stairs_9,
          uniq_blork_the_orc
D:5:      layout_basic

Skill      XL: |  1  2  3  4  5  6  7  8 |
---------------+-------------------------+-----
Stealth        | 6 |  6.8
Invocations    | 1 2 3 |  3.4
Short Blades   | 1 2 3 |  3.1
Long Blades    | 1 2 3 |  3.1
Axes           | 1 2 3 |  3.1
Maces & Flails | 1 2 3 |  3.1
Polearms       | 1 2 3 |  3.1
Staves         | 1 2 3 |  3.1
Slings         | 1 2 3 |  3.1
Bows           | 1 2 3 |  3.1
Crossbows      | 1 2 3 |  3.1
Throwing       | 1 2 3 |  3.1
Armour         | 1 2 3 |  3.1
Spellcasting   | 1 2 3 |  3.1
Evocations     | 1 2 3 |  3.1
Conjurations   | 1 2 |  2.5
Hexes          | 1 2 |  2.5
Charms         | 1 2 |  2.5
Summonings     | 1 2 |  2.5
Necromancy     | 1 2 |  2.5
Translocations | 1 2 |  2.5
Transmutations | 1 2 |  2.5
Fire Magic     | 1 2 |  2.5
Ice Magic      | 1 2 |  2.5
Air Magic      | 1 2 |  2.5
Earth Magic    | 1 2 |  2.5
Poison Magic   | 1 2 |  2.5
Dodging        | 3 4 |  4.0
Shields        | 3 4 |  4.0
Unarmed Combat | 5 |  5.5
Fighting       | 7 |  7.3

Action                   |  1- 3 |  4- 6 |  7- 9 || total
-------------------------+-------+-------+-------++-------
Melee: Spear             |   156 |   241 |       ||   397
       Bite              |    17 |    34 |    10 ||    61
       Punch             |     4 |     5 |       ||     9
       Halberd           |       |    12 |   104 ||   116
       Battleaxe         |       |     2 |       ||     2
Throw: Stone             |       |       |     4 ||     4
  Use: Scroll            |       |       |     7 ||     7
       Potion            |       |       |     1 ||     1
 Stab: Sleeping          |       |     2 |       ||     2
  Eat: Chunk             |     1 |     7 |     1 ||     9
       Ration            |       |       |     1 ||     1
Armor: Robe              |     9 |     1 |    32 ||    42
       Ring mail         |    40 |    77 |       ||   117
Dodge: Dodged            |   123 |   154 |   100 ||   377
